 Dungeon Crawl Stone Soup version 0.28.0-47-ge53b351184 (webtiles) character file.

Game seed: 15333413612578741575

483 Icepheonix32 the Chiller (level 6, -1/43 HPs)
             Began as a Demonspawn Ice Elementalist on Apr 25, 2022.
             Slain by a gnoll
             ... wielding a +0 spear
              (4 damage)
             ... on level 5 of the Dungeon.
             The game lasted 00:11:26 (5774 turns).

Icepheonix32 the Chiller (DsIE)                     Turns: 5774, Time: 00:11:27

Health: -1/43      AC:  2    Str: 11    XL:     6   Next: 87%
Magic:  16/18      EV: 13    Int: 18    God:
Gold:   90         SH:  0    Dex: 19    Spells: 2/9 levels left

rFire   . . .      SeeInvis .     - Unarmed
rCold   . . .      Faith    .   (no shield)
rNeg    . . .      Spirit   .   a - +0 robe
rPois   .          Reflect  .   (no helmet)
rElec   .          Harm     .   (no cloak)
rCorr   .          Rampage  .   (no gloves)
Will    .....                   (no boots)
Stlth   +++.......              (no amulet)
HPRegen 0.14/turn               b - +6 ring of dexterity
MPRegen 0.16/turn               o - ring of magical power

@: mighty, freezing walls, hasted, very quick
A: powered by death 1, demonic touch 2, camouflage 1, clever 1
a: no special abilities


You were on level 5 of the Dungeon.
You visited 1 branch of the dungeon, and saw 5 of its levels.
You also visited: Sewer.

You collected 195 gold pieces.
You spent 105 gold pieces at shops.

Inventory:

Hand Weapons
 c - a +1 dagger of pain
 e - a +0 dagger
 k - a +0 spear
Armour
 a - a +0 robe (worn)
 d - a +0 leather armour
Jewellery
 b - a +6 ring of dexterity (left hand)
 g - an amulet of faith
 m - a ring of positive energy
 o - a ring of magical power (right hand)
 q - a ring of protection from fire
Scrolls
 f - a scroll of blinking
 i - 2 scrolls of fog
 j - 6 scrolls of enchant armour
 n - 2 scrolls of amnesia
 p - 3 scrolls of noise
 x - a scroll of brand weapon {unknown}
 y - a scroll of fear {unknown}
Potions
 h - a potion of haste
 l - 2 potions of cancellation {unknown}
 r - 4 potions of flight
 u - a potion of mutation


   Skills:
 + Level 1.5 Fighting
 - Level 2.2 Dodging
 - Level 1.7 Stealth
 * Level 3.4 Unarmed Combat
 - Level 2.0 Spellcasting
 * Level 6.1 Ice Magic


You had 2 spell levels left.
You knew the following spells:

 Your Spells              Type           Power      Damage    Failure   Level
a - Freeze                Ice            96%        1d11      1%          1
b - Ozocubu's Armour      Ice            24%        N/A       4%          3
c - Frozen Ramparts       Ice            48%        1d6       4%          3

Your spell library contained the following spells:

 Spells                   Type           Power      Damage    Failure   Level
 Hailstorm                Conj/Ice       12%        3d5       45%         4
 Fulminant Prism          Conj/Hex       0%         3d6       87%         4
 Iskenderun's Mystic Bla  Conj/Tloc      1%         2d3       87%         4
 Lee's Rapid Deconstruct  Erth           0%         3d5*      99%         5


Dungeon Overview and Level Annotations

Branches:
Dungeon (5/15)              Sewer (visited)
 Temple: D:4-7

Altars:

Shops:
D:3 ?


Innate Abilities, Weirdness & Mutations

You regenerate a little health from kills.
Your touch may inflict irresistible damage on your foes.
Your skin changes colour to match your surroundings (Stealth+).
Your mind is acute. (Int +2)


Message History

You hit the orc priest.
The orc priest is severely wounded.
The orc priest barely misses you. The gnoll barely misses you.
The gnoll drinks a potion.
The gnoll seems to speed up.
You punch the orc priest!
You kill the orc priest!
You hear a splash. x3
The gnoll shaman misses you. The bullfrog zombie hits you.
* * * LOW HITPOINT WARNING * * *
Casting: Frozen Ramparts (dangerous; 4% risk of failure)
Confirm with . or Enter, or press ? or * to list all spells.
Casting: Frozen Ramparts (dangerous; 4% risk of failure)
Press: ? - help, Dir - look around, f - activate The walls around you are covered in ice.
The bullfrog zombie completely resists.
The wall freezes the bullfrog zombie but does no damage.
The bullfrog zombie hits you.
* * * LOW HITPOINT WARNING * * *
Unknown command.
You barely miss the gnoll shaman.
You touch the gnoll shaman.
The gnoll shaman is moderately wounded.
The wall freezes the gnoll shaman.
The gnoll shaman calls upon its god to speed up something.
The bullfrog zombie completely resists.
The wall freezes the bullfrog zombie but does no damage.
The bullfrog zombie barely misses you.
You barely miss the gnoll shaman. Your touch misses the gnoll shaman.
The gnoll shaman is heavily wounded.
The wall freezes the gnoll shaman.
The gnoll shaman calls upon its god to speed up the gnoll.
The gnoll seems to speed up.
You closely miss the gnoll shaman.
You touch the gnoll shaman.
The gnoll shaman is almost dead.
The bullfrog zombie completely resists.
The wall freezes the bullfrog zombie but does no damage.
The bullfrog zombie hits you.
* * * LOW HITPOINT WARNING * * *
The wall freezes the gnoll.
The gnoll hits you from afar with a +0 spear.
You die...

#!. ## ##..
### $##
....##.##g.
.....#.#..
.......##
#g)†).# #.#.#
########g≈.#
##≈≈.≈≈@gg≈≈#
#≈.≈≈≈≈≈Z≈≈##
#..#########
#..≈≈≈≈≈≈##
##≈≈≈...÷.##
##≈≈≈≈≈≈÷.#
#########..#
##..≈≈≈≈≈≈≈≈#
#≈≈≈..≈≈.÷.##


You could see a gnoll shaman, 2 gnolls and a bullfrog zombie.

Vanquished Creatures
  A howler monkey (D:5)
  2 hounds (D:5)
  2 orc priests
  An orc wizard (D:4)
  4 gnolls (D:5)
  7 adders
  6 river rats (Sewer)
  An ufetubus (D:4)
  6 worms
  2 dart slugs
  5 orcs
  13 ball pythons
  8 endoplasms
  9 giant cockroaches
  7 goblins
  4 hobgoblins
  8 jackals
  3 kobolds
  9 quokkas
  5 bats
  9 frilled lizards
  2 rats (D:1)
114 creatures vanquished.

Notes
Turn   | Place    | Note
-------+----------+-------------------------------------------
     0 | D:1      | Icepheonix32 the Demonspawn Ice Elementalist began the
                  | quest for the Orb.
     0 | D:1      | Reached XP level 1. HP: 13/13 MP: 3/3
   514 | D:1      | Reached skill level 4 in Ice Magic
   514 | D:1      | Gained mutation: Your touch may inflict minor irresistible
                  | damage on your foes. [demonic ancestry]
   514 | D:1      | Reached XP level 2. HP: 20/20 MP: 1/5
  1356 | D:2      | Reached XP level 3. HP: 20/25 MP: 4/6
  1500 | D:2      | Gained mutation: Your skin changes colour to match your
                  | surroundings (Stealth+). [potion of mutation]
  1500 | D:2      | Gained mutation: Your mind is acute. (Int +2) [potion of
                  | mutation]
  1639 | D:2      | Reached skill level 1 in Fighting
  1986 | D:2      | Reached skill level 1 in Unarmed Combat
  2107 | D:2      | Gained mutation: You regenerate a little health from kills.
                  | [demonic ancestry]
  2107 | D:2      | Reached XP level 4. HP: 32/32 MP: 5/7
  2464 | D:2      | Learned a level 3 spell: Ozocubu's Armour
  2468 | D:2      | Learned a level 3 spell: Frozen Ramparts
  2699 | D:3      | Found a faded altar of an unknown god.
  2898 | D:3      | Found Keiraps's Magic Scroll Shoppe.
  2906 | D:3      | Bought a scroll of identify for 20 gold pieces
  2906 | D:3      | Bought a scroll of noise for 10 gold pieces
  2906 | D:3      | Bought a scroll of enchant armour for 75 gold pieces
  3820 | D:4      | Reached skill level 5 in Ice Magic
  3829 | D:4      | Gained mutation: Your touch may inflict irresistible damage
                  | on your foes. [demonic ancestry]
  3829 | D:4      | Reached XP level 5. HP: 15/37 MP: 8/8
  4495 | D:5      | Entered Level 5 of the Dungeon
  4572 | D:5      | Found a glowing drain.
  4597 | Sewer    | Entered a sewer
  5012 | Sewer    | Reached XP level 6. HP: 39/43 MP: 9/9
  5751 | D:5      | Reached skill level 6 in Ice Magic
  5774 | D:5      | Slain by a gnoll

Illustrated notes

Levels and vault maps discovered:
D:1:      lightli_arrival_maybe_door_vault, layout_loops_ring
D:2:      layout_loops_corners
D:3:      layout_basic, serial_shops, nicolae_shop_competitors_out_of_business,
          shapermc_ecumenical_altar_mp_ritualfount
D:4:      layout_basic, serial_curves, eino_curves_04, eino_curves_04,
          eino_curves_01, minmay_tree_intersection, grunt_ministairs_3
D:5:      layout_rooms, minmay_temple_entry_wispy, gup_sewer_entry_pipe,
          minmay_between, uniq_ijyb

Skill      XL: |  1  2  3  4  5  6 |
---------------+-------------------+-----
Ice Magic      | 4 5 6 |  6.1
Fighting       | 1 |  1.5
Unarmed Combat | 1 2 3 |  3.4
Dodging        | 2 |  2.2
Stealth        | |  1.7
Spellcasting   | |  2.0

Action                   |  1- 3 |  4- 6 || total
-------------------------+-------+-------++-------
Melee: Whip              |     7 |       ||     7
       Unarmed           |     5 |   215 ||   220
       Touch             |     2 |    47 ||    49
       Punch             |       |     4 ||     4
 Cast: Freeze            |    51 |    13 ||    64
       Frozen Ramparts   |       |    14 ||    14
       Ozocubu's Armour  |       |    13 ||    13
  Use: Potion            |     2 |     4 ||     6
       Scroll            |       |     6 ||     6
 Stab: Sleeping          |       |     4 ||     4
       Distracted        |       |     1 ||     1
Armor: Robe              |    10 |    69 ||    79
Dodge: Dodged            |    33 |   202 ||   235
